[ AOE2 MATCH · #459568078 ]
UnrankedMaya vs Cumans
[ REPLAY ANALYSIS · EXTRACTED FROM THE RECORDED GAME ]
Feudal
12:25
Castle
22:58
Imperial
41:42
| APM avg | 40.8 |
| APM peak | 97 |
| eAPM avg | 24.4 |
| Villagers / military | 200 / 184 |
Focus
⚔️ 32.5% · 🌾 67.5%
Spearman ×85 · Plumed Archer ×76 · Galley ×19 · Fishing Ship ×6 · Trebuchet (Packed) ×3 · Transport Ship ×1
Feudal
13:53
Castle
25:08
Imperial
35:46
| APM avg | 26.0 |
| APM peak | 49 |
| eAPM avg | 13.0 |
| Villagers / military | 118 / 186 |
Focus
⚔️ 37.4% · 🌾 62.6%
Scout Cavalry ×76 · Knight ×42 · Cavalry Archer ×37 · Skirmisher ×23 · Fishing Ship ×6 · Trebuchet (Packed) ×5
Feudal
14:57
Castle
19:09
Imperial
—
| APM avg | 52.3 |
| APM peak | 99 |
| eAPM avg | 32.5 |
| Villagers / military | 162 / 11 |
Focus
⚔️ 27.5% · 🌾 72.5%
Fishing Ship ×12 · Rattan Archer ×6 · Monk ×3 · Demolition Raft ×2
Feudal
13:32
Castle
21:30
Imperial
34:18
| APM avg | 52.9 |
| APM peak | 86 |
| eAPM avg | 25.5 |
| Villagers / military | 137 / 158 |
Focus
⚔️ 38.1% · 🌾 61.9%
Galley ×146 · Fishing Ship ×21 · Cannon Galleon ×10 · Monk ×1 · Fire Galley ×1
Feudal
14:03
Castle
17:39
Imperial
37:05
| APM avg | 39.2 |
| APM peak | 74 |
| eAPM avg | 19.8 |
| Villagers / military | 205 / 276 |
Focus
⚔️ 27.8% · 🌾 72.2%
Monaspa ×186 · Hand Cannoneer ×84 · Fishing Ship ×13 · Trebuchet (Packed) ×6
Feudal
14:37
Castle
18:09
Imperial
41:03
| APM avg | 32.6 |
| APM peak | 61 |
| eAPM avg | 22.4 |
| Villagers / military | 170 / 327 |
Focus
⚔️ 35.5% · 🌾 64.5%
Spearman ×191 · Knight ×125 · Fishing Ship ×6 · Monk ×5 · Battering Ram ×4 · Mangonel ×1
Feudal
15:06
Castle
27:55
Imperial
46:32
| APM avg | 22.3 |
| APM peak | 61 |
| eAPM avg | 14.8 |
| Villagers / military | 191 / 124 |
Focus
⚔️ 25.4% · 🌾 74.6%
Serjeant ×80 · Spearman ×40 · Fishing Ship ×9 · Trebuchet (Packed) ×4
Feudal
12:17
Castle
23:44
Imperial
41:44
| APM avg | 34.7 |
| APM peak | 70 |
| eAPM avg | 16.8 |
| Villagers / military | 160 / 177 |
Focus
⚔️ 27.8% · 🌾 72.2%
Galley ×173 · Fishing Ship ×10 · Unknown (2626) ×5 · Demolition Raft ×3 · Monk ×1 · Trade Cog ×1
Match map
Initial resources + every placement click. Lines = walls · curves = elevation contours. ◆ gold · ⬟ stone · ● berries · ✦ relic · ◌ wall gap
Your base· Open — unwalled flank
DINOFFAURO's base· Open — 7t gap
FedeAOE's base· Open — 3t gap
ttss's base· Open — unwalled flank
MatiAOE's base· Open — 14t gap
knight errant's base· Open — 4t gap
ttianran's base· Open — unwalled flank
Enroque's base· Open — unwalled flank
Smoothed initial terrain · ◌ = detected wall gap · hover for details
Inputs per minute
— TGT | Leo Mattioli - - DINOFFAURO
Build order — TGT | Leo Mattioli
First 150 of 573 actions detected
| 0:29 | Build | Town Center |
| 1:24 | Build | Dock |
| 1:25 | Build | House |
| 2:58 | Queue | Villager (Male) |
| 2:58 | Queue | Villager (Male) |
| 2:58 | Queue | Villager (Male) |
| 2:58 | Queue | Villager (Male) |
| 3:58 | Queue | Fishing Ship |
| 3:59 | Queue | Fishing Ship |
| 4:06 | Queue | Villager (Male) |
| 4:06 | Queue | Villager (Male) |
| 4:23 | Build | House |
| 4:38 | Research | Loom |
| 5:16 | Queue | Fishing Ship |
| 5:16 | Queue | Villager (Male) |
| 5:17 | Queue | Villager (Male) |
| 5:49 | Queue | Villager (Male) |
| 5:49 | Queue | Villager (Male) |
| 6:21 | Queue | Villager (Male) |
| 6:21 | Queue | Villager (Male) |
| 6:23 | Queue | Fishing Ship |
| 6:28 | Build | House |
| 6:49 | Queue | Villager (Male) |
| 6:56 | Queue | Villager (Male) |
| 6:56 | Queue | Villager (Male) |
| 7:22 | Queue | Villager (Male) |
| 7:23 | Queue | Villager (Male) |
| 7:23 | Queue | Villager (Male) |
| 7:35 | Queue | Fishing Ship |
| 7:46 | Queue | Villager (Male) |
| 7:56 | Build | House |
| 8:22 | Queue | Fishing Ship |
| 8:52 | Queue | Villager (Male) |
| 9:10 | Build | Lumber Camp |
| 9:12 | Queue | Villager (Male) |
| 9:41 | Queue | Villager (Male) |
| 10:09 | Build | Mining Camp |
| 10:15 | Research | Feudal Age |
| 10:28 | Build | House |
| 11:32 | Build | Dock |
| 12:21 | Queue | Villager (Male) |
| 12:25 | Age | Feudal Age |
| 12:29 | Queue | Galley |
| 12:31 | Queue | Galley |
| 12:33 | Queue | Villager (Male) |
| 12:38 | Build | House |
| 12:45 | Queue | Galley |
| 12:55 | Queue | Galley |
| 13:06 | Research | Double-Bit Axe |
| 13:07 | Research | Double-Bit Axe |
| 13:15 | Queue | Villager (Male) |
| 13:34 | Queue | Villager (Male) |
| 13:40 | Queue | Transport Ship |
| 13:47 | Queue | Galley |
| 13:59 | Queue | Villager (Male) |
| 14:07 | Build | House |
| 14:08 | Queue | Villager (Male) |
| 14:17 | Queue | Villager (Male) |
| 14:41 | Queue | Villager (Male) |
| 14:45 | Queue | Galley |
| 14:46 | Queue | Galley |
| 15:00 | Build | Dock |
| 15:05 | Build | House |
| 15:05 | Queue | Villager (Male) |
| 15:31 | Queue | Villager (Male) |
| 15:34 | Queue | Galley |
| 15:36 | Queue | Galley |
| 15:47 | Build | House |
| 15:48 | Build | Palisade Wall |
| 16:01 | Queue | Villager (Male) |
| 16:21 | Build | Blacksmith |
| 16:28 | Queue | Villager (Male) |
| 16:48 | Build | House |
| 16:52 | Queue | Galley |
| 16:56 | Queue | Galley |
| 16:58 | Queue | Galley |
| 17:01 | Queue | Villager (Male) |
| 17:26 | Build | Mill |
| 17:29 | Build | House |
| 17:34 | Build | House |
| 17:36 | Build | Palisade Wall |
| 17:38 | Research | Fletching |
| 17:40 | Queue | Villager (Male) |
| 17:52 | Queue | Villager (Male) |
| 18:07 | Queue | Galley |
| 18:07 | Queue | Galley |
| 18:08 | Queue | Galley |
| 18:12 | Queue | Villager (Male) |
| 18:29 | Queue | Villager (Male) |
| 18:36 | Build | Mining Camp |
| 18:45 | Build | Market |
| 18:47 | Build | House |
| 19:00 | Queue | Galley |
| 19:04 | Queue | Villager (Male) |
| 19:12 | Queue | Villager (Male) |
| 19:39 | Queue | Galley |
| 19:40 | Queue | Galley |
| 19:41 | Queue | Galley |
| 19:44 | Queue | Villager (Male) |
| 20:18 | Research | Castle Age |
| 20:19 | Research | Castle Age |
| 20:49 | Queue | Villager (Male) |
| 20:50 | Queue | Villager (Male) |
| 20:53 | Build | Barracks |
| 21:26 | Queue | Spearman |
| 21:27 | Queue | Spearman |
| 21:31 | Build | Lumber Camp |
| 22:16 | Queue | Spearman |
| 22:35 | Queue | Spearman |
| 22:58 | Age | Castle Age |
| 23:04 | Build | Town Center |
| 23:06 | Queue | Villager (Male) |
| 23:06 | Queue | Villager (Male) |
| 23:20 | Queue | Villager (Male) |
| 23:26 | Build | Town Center |
| 24:01 | Research | Horse Collar |
| 24:04 | Build | Farm |
| 24:05 | Build | Farm |
| 24:13 | Build | Farm |
| 24:14 | Build | Farm |
| 24:16 | Build | Farm |
| 24:22 | Build | Farm |
| 24:23 | Queue | Villager (Male) |
| 24:32 | Queue | Villager (Male) |
| 24:32 | Queue | Villager (Male) |
| 24:51 | Build | House |
| 25:06 | Queue | Villager (Male) |
| 25:07 | Queue | Villager (Male) |
| 25:11 | Build | Farm |
| 25:18 | Build | Farm |
| 25:19 | Build | Farm |
| 25:24 | Queue | Villager (Male) |
| 25:24 | Queue | Villager (Male) |
| 25:24 | Queue | Villager (Male) |
| 25:33 | Build | Farm |
| 25:50 | Build | Mill |
| 25:58 | Build | Farm |
| 26:01 | Build | Farm |
| 26:10 | Build | Palisade Wall |
| 26:12 | Queue | Villager (Male) |
| 26:12 | Queue | Villager (Male) |
| 26:13 | Queue | Villager (Male) |
| 26:13 | Queue | Villager (Male) |
| 26:18 | Build | Farm |
| 26:23 | Build | Farm |
| 26:26 | Queue | Villager (Male) |
| 26:26 | Queue | Villager (Male) |
| 26:38 | Queue | Villager (Male) |
| 26:39 | Queue | Villager (Male) |
| 26:39 | Queue | Villager (Male) |
Build order — DINOFFAURO
First 150 of 419 actions detected
| 0:19 | Build | Town Center |
| 2:45 | Queue | Villager (Male) |
| 2:45 | Queue | Villager (Male) |
| 2:45 | Queue | Villager (Male) |
| 2:51 | Build | House |
| 3:31 | Queue | Villager (Male) |
| 3:44 | Build | Dock |
| 4:18 | Research | Loom |
| 4:28 | Build | House |
| 4:34 | Queue | Villager (Male) |
| 4:35 | Queue | Villager (Male) |
| 4:54 | Queue | Villager (Male) |
| 4:54 | Queue | Villager (Male) |
| 5:36 | Queue | Villager (Male) |
| 5:36 | Queue | Villager (Male) |
| 5:37 | Queue | Villager (Male) |
| 6:07 | Queue | Fishing Ship |
| 6:25 | Queue | Villager (Male) |
| 6:26 | Queue | Villager (Male) |
| 6:46 | Build | House |
| 6:58 | Queue | Villager (Male) |
| 7:01 | Queue | Fishing Ship |
| 7:36 | Queue | Villager (Male) |
| 7:40 | Queue | Villager (Male) |
| 7:47 | Queue | Fishing Ship |
| 8:02 | Build | House |
| 8:16 | Queue | Villager (Male) |
| 8:30 | Queue | Fishing Ship |
| 8:48 | Queue | Villager (Male) |
| 9:07 | Build | House |
| 9:21 | Queue | Villager (Male) |
| 9:21 | Queue | Villager (Male) |
| 9:45 | Queue | Villager (Male) |
| 9:53 | Queue | Fishing Ship |
| 10:06 | Build | Mining Camp |
| 10:18 | Queue | Villager (Male) |
| 10:28 | Queue | Fishing Ship |
| 11:00 | Queue | Villager (Male) |
| 11:22 | Build | Mill |
| 11:43 | Research | Feudal Age |
| 12:33 | Build | Barracks |
| 12:51 | Build | House |
| 12:54 | Build | House |
| 12:57 | Build | House |
| 13:37 | Queue | Villager (Male) |
| 13:37 | Queue | Villager (Male) |
| 13:37 | Queue | Villager (Male) |
| 13:53 | Age | Feudal Age |
| 13:55 | Build | Stable |
| 14:11 | Build | Lumber Camp |
| 14:30 | Queue | Scout Cavalry |
| 14:31 | Queue | Scout Cavalry |
| 14:55 | Build | Farm |
| 14:56 | Build | Farm |
| 15:19 | Queue | Scout Cavalry |
| 15:25 | Research | Double-Bit Axe |
| 15:31 | Queue | Villager (Male) |
| 15:31 | Queue | Villager (Male) |
| 15:32 | Queue | Villager (Male) |
| 15:41 | Queue | Scout Cavalry |
| 15:45 | Build | House |
| 15:46 | Build | House |
| 15:58 | Build | Palisade Wall |
| 16:05 | Queue | Scout Cavalry |
| 16:28 | Build | Town Center |
| 16:34 | Queue | Scout Cavalry |
| 16:44 | Queue | Villager (Male) |
| 16:55 | Build | Blacksmith |
| 17:29 | Research | Wheelbarrow |
| 17:33 | Queue | Scout Cavalry |
| 17:35 | Build | House |
| 17:51 | Queue | Villager (Male) |
| 17:59 | Build | Farm |
| 18:01 | Build | Farm |
| 18:17 | Queue | Scout Cavalry |
| 18:18 | Queue | Scout Cavalry |
| 18:19 | Queue | Villager (Male) |
| 18:20 | Queue | Villager (Male) |
| 18:27 | Build | Market |
| 18:48 | Queue | Villager (Male) |
| 18:53 | Build | Farm |
| 19:29 | Queue | Villager (Male) |
| 19:32 | Build | House |
| 19:40 | Queue | Villager (Male) |
| 19:41 | Queue | Villager (Male) |
| 19:43 | Build | Farm |
| 19:45 | Build | Farm |
| 19:46 | Build | Farm |
| 19:47 | Build | Farm |
| 20:04 | Queue | Villager (Male) |
| 20:05 | Queue | Villager (Male) |
| 20:07 | Build | Farm |
| 20:09 | Build | House |
| 20:48 | Research | Scale Barding Armor |
| 20:49 | Queue | Villager (Male) |
| 20:49 | Queue | Villager (Male) |
| 21:21 | Queue | Villager (Male) |
| 21:22 | Queue | Villager (Male) |
| 21:23 | Queue | Villager (Male) |
| 21:26 | Build | House |
| 22:28 | Research | Castle Age |
| 23:03 | Build | House |
| 23:20 | Research | Bloodlines |
| 23:26 | Build | Stable |
| 24:25 | Build | Stable |
| 24:28 | Queue | Villager (Male) |
| 24:29 | Queue | Villager (Male) |
| 24:30 | Queue | Villager (Male) |
| 24:30 | Queue | Villager (Male) |
| 24:45 | Research | Horse Collar |
| 25:08 | Age | Castle Age |
| 25:10 | Build | Siege Workshop |
| 25:11 | Queue | Knight |
| 25:11 | Queue | Knight |
| 25:12 | Queue | Knight |
| 25:12 | Queue | Knight |
| 25:17 | Research | Bow Saw |
| 25:26 | Build | Town Center |
| 25:32 | Queue | Knight |
| 25:32 | Queue | Knight |
| 25:37 | Build | Farm |
| 25:38 | Build | Farm |
| 25:58 | Queue | Battering Ram |
| 26:00 | Queue | Battering Ram |
| 26:08 | Queue | Villager (Male) |
| 26:10 | Queue | Knight |
| 26:12 | Queue | Knight |
| 26:23 | Build | Barracks |
| 26:29 | Build | Town Center |
| 26:36 | Queue | Knight |
| 26:59 | Build | Farm |
| 27:02 | Build | Lumber Camp |
| 27:03 | Queue | Villager (Male) |
| 27:04 | Queue | Villager (Male) |
| 27:50 | Queue | Battering Ram |
| 28:04 | Queue | Villager (Male) |
| 28:05 | Queue | Villager (Male) |
| 28:05 | Queue | Villager (Male) |
| 28:42 | Queue | Villager (Male) |
| 28:42 | Queue | Villager (Male) |
| 28:42 | Queue | Villager (Male) |
| 28:43 | Queue | Villager (Male) |
| 28:44 | Queue | Villager (Male) |
| 28:44 | Queue | Villager (Male) |
| 28:46 | Build | Farm |
| 28:51 | Build | Farm |
| 29:06 | Queue | Villager (Male) |
| 29:06 | Queue | Villager (Male) |
| 29:07 | Queue | Villager (Male) |
| 29:08 | Queue | Villager (Male) |
Build order — FedeAOE
First 150 of 319 actions detected
| 0:17 | Build | Town Center |
| 1:54 | Build | Dock |
| 1:55 | Build | House |
| 2:41 | Queue | Villager (Male) |
| 2:42 | Queue | Villager (Male) |
| 2:42 | Queue | Villager (Male) |
| 2:54 | Queue | Villager (Male) |
| 2:54 | Queue | Villager (Male) |
| 2:54 | Queue | Villager (Male) |
| 4:03 | Research | Loom |
| 4:03 | Research | Loom |
| 4:03 | Research | Loom |
| 4:13 | Queue | Fishing Ship |
| 4:32 | Queue | Villager (Male) |
| 4:32 | Queue | Villager (Male) |
| 4:56 | Build | House |
| 5:01 | Queue | Villager (Male) |
| 5:01 | Queue | Villager (Male) |
| 5:37 | Queue | Fishing Ship |
| 5:37 | Queue | Fishing Ship |
| 5:44 | Queue | Villager (Male) |
| 5:45 | Queue | Villager (Male) |
| 5:57 | Queue | Villager (Male) |
| 6:27 | Queue | Villager (Male) |
| 6:27 | Queue | Villager (Male) |
| 6:28 | Queue | Villager (Male) |
| 6:33 | Build | House |
| 6:49 | Queue | Villager (Male) |
| 6:50 | Queue | Villager (Male) |
| 7:03 | Queue | Villager (Male) |
| 7:30 | Queue | Fishing Ship |
| 7:30 | Queue | Fishing Ship |
| 7:45 | Build | House |
| 8:00 | Queue | Villager (Male) |
| 8:00 | Queue | Villager (Male) |
| 8:00 | Queue | Villager (Male) |
| 8:20 | Queue | Villager (Male) |
| 8:20 | Queue | Villager (Male) |
| 8:23 | Queue | Villager (Male) |
| 8:24 | Queue | Villager (Male) |
| 8:29 | Queue | Fishing Ship |
| 8:29 | Queue | Fishing Ship |
| 8:49 | Queue | Villager (Male) |
| 8:49 | Queue | Villager (Male) |
| 8:50 | Queue | Villager (Male) |
| 9:01 | Build | House |
| 9:07 | Queue | Villager (Male) |
| 9:07 | Queue | Villager (Male) |
| 9:18 | Build | Mill |
| 9:35 | Queue | Villager (Male) |
| 9:56 | Queue | Villager (Male) |
| 9:56 | Queue | Villager (Male) |
| 10:21 | Queue | Fishing Ship |
| 10:37 | Queue | Villager (Male) |
| 11:05 | Build | House |
| 11:14 | Build | House |
| 11:49 | Build | House |
| 11:56 | Queue | Villager (Male) |
| 11:58 | Build | Mining Camp |
| 12:03 | Build | Mining Camp |
| 12:45 | Build | House |
| 12:47 | Research | Feudal Age |
| 12:47 | Research | Feudal Age |
| 14:47 | Build | Outpost |
| 14:52 | Build | Outpost |
| 14:57 | Age | Feudal Age |
| 14:59 | Queue | Villager (Male) |
| 14:59 | Queue | Villager (Male) |
| 15:12 | Build | Market |
| 15:24 | Queue | Villager (Male) |
| 15:52 | Build | Blacksmith |
| 16:17 | Build | House |
| 16:20 | Build | Palisade Wall |
| 16:29 | Research | Castle Age |
| 16:29 | Research | Castle Age |
| 16:30 | Research | Castle Age |
| 16:48 | Build | Stone Wall |
| 17:14 | Build | Watch Tower |
| 17:23 | Queue | Villager (Male) |
| 17:37 | Build | Watch Tower |
| 17:41 | Build | Watch Tower |
| 18:06 | Build | Stone Wall |
| 18:07 | Queue | Villager (Male) |
| 18:10 | Research | Fletching |
| 18:10 | Research | Fletching |
| 18:41 | Queue | Villager (Male) |
| 18:42 | Queue | Villager (Male) |
| 18:55 | Build | Stone Wall |
| 19:09 | Age | Castle Age |
| 19:13 | Queue | Villager (Male) |
| 19:42 | Build | House |
| 19:47 | Build | Stone Wall |
| 20:08 | Build | House |
| 20:11 | Build | Palisade Wall |
| 20:12 | Build | Palisade Wall |
| 20:13 | Build | Palisade Wall |
| 20:20 | Build | Palisade Wall |
| 20:25 | Build | Palisade Wall |
| 20:26 | Queue | Villager (Male) |
| 20:32 | Build | Watch Tower |
| 20:36 | Build | Palisade Wall |
| 20:38 | Build | Palisade Wall |
| 20:51 | Queue | Villager (Male) |
| 20:51 | Queue | Villager (Male) |
| 21:23 | Queue | Villager (Male) |
| 21:32 | Build | Lumber Camp |
| 21:56 | Queue | Villager (Male) |
| 22:12 | Queue | Villager (Male) |
| 22:18 | Build | House |
| 22:25 | Build | House |
| 22:27 | Build | Palisade Wall |
| 22:33 | Queue | Villager (Male) |
| 22:33 | Queue | Villager (Male) |
| 23:28 | Queue | Villager (Male) |
| 23:47 | Queue | Villager (Male) |
| 24:34 | Build | Castle |
| 24:44 | Build | Castle |
| 24:54 | Build | Farm |
| 24:55 | Build | Farm |
| 25:42 | Build | Mining Camp |
| 25:45 | Queue | Villager (Male) |
| 26:00 | Queue | Rattan Archer |
| 26:00 | Queue | Rattan Archer |
| 26:01 | Queue | Rattan Archer |
| 26:01 | Queue | Rattan Archer |
| 26:01 | Queue | Rattan Archer |
| 26:01 | Queue | Rattan Archer |
| 26:24 | Build | Siege Workshop |
| 26:36 | Build | Farm |
| 27:23 | Build | House |
| 27:27 | Build | Palisade Wall |
| 27:45 | Queue | Villager (Male) |
| 27:56 | Build | Gate |
| 28:18 | Build | Palisade Wall |
| 28:39 | Build | Palisade Wall |
| 29:14 | Build | Palisade Wall |
| 30:51 | Build | Lumber Camp |
| 32:50 | Build | Palisade Wall |
| 32:51 | Build | Palisade Wall |
| 32:55 | Build | Palisade Wall |
| 32:56 | Build | Palisade Wall |
| 32:59 | Build | Palisade Wall |
| 33:00 | Build | Palisade Wall |
| 33:02 | Build | Palisade Wall |
| 33:04 | Build | Palisade Wall |
| 33:05 | Build | Palisade Wall |
| 33:21 | Build | Town Center |
| 33:30 | Build | Town Center |
| 35:08 | Queue | Villager (Male) |
| 35:08 | Queue | Villager (Male) |
Build order — ttss
First 150 of 498 actions detected
| 0:16 | Build | Town Center |
| 1:27 | Build | House |
| 1:40 | Build | Dock |
| 2:34 | Queue | Villager (Male) |
| 2:35 | Queue | Villager (Male) |
| 2:35 | Queue | Villager (Male) |
| 2:43 | Build | Palisade Wall |
| 2:54 | Queue | Villager (Male) |
| 2:54 | Queue | Villager (Male) |
| 3:36 | Queue | Fishing Ship |
| 3:37 | Queue | Fishing Ship |
| 4:15 | Queue | Villager (Male) |
| 4:16 | Queue | Villager (Male) |
| 4:36 | Build | House |
| 4:40 | Research | Loom |
| 4:40 | Research | Loom |
| 4:43 | Queue | Villager (Male) |
| 4:43 | Queue | Villager (Male) |
| 5:16 | Queue | Villager (Male) |
| 5:17 | Queue | Villager (Male) |
| 5:56 | Queue | Villager (Male) |
| 5:57 | Queue | Villager (Male) |
| 5:57 | Queue | Villager (Male) |
| 6:05 | Build | House |
| 6:20 | Queue | Villager (Male) |
| 6:20 | Queue | Villager (Male) |
| 6:40 | Queue | Villager (Male) |
| 6:40 | Queue | Villager (Male) |
| 6:44 | Queue | Fishing Ship |
| 6:44 | Queue | Fishing Ship |
| 7:30 | Queue | Fishing Ship |
| 7:30 | Queue | Fishing Ship |
| 7:32 | Queue | Villager (Male) |
| 7:32 | Queue | Villager (Male) |
| 7:47 | Queue | Villager (Male) |
| 7:47 | Queue | Villager (Male) |
| 7:47 | Queue | Villager (Male) |
| 7:47 | Queue | Villager (Male) |
| 7:48 | Queue | Villager (Male) |
| 8:14 | Queue | Villager (Male) |
| 8:17 | Build | House |
| 8:30 | Queue | Villager (Male) |
| 8:47 | Queue | Fishing Ship |
| 9:13 | Queue | Villager (Male) |
| 9:21 | Build | Mill |
| 9:43 | Build | House |
| 9:51 | Queue | Villager (Male) |
| 9:58 | Queue | Villager (Male) |
| 10:18 | Queue | Fishing Ship |
| 10:18 | Queue | Fishing Ship |
| 11:08 | Research | Feudal Age |
| 11:14 | Build | Lumber Camp |
| 11:49 | Build | Mining Camp |
| 12:00 | Build | House |
| 12:54 | Build | Dock |
| 13:18 | Queue | Villager (Male) |
| 13:32 | Age | Feudal Age |
| 13:35 | Queue | Galley |
| 13:40 | Build | House |
| 13:42 | Research | Double-Bit Axe |
| 13:42 | Research | Double-Bit Axe |
| 13:43 | Queue | Villager (Male) |
| 14:00 | Queue | Villager (Male) |
| 14:06 | Queue | Galley |
| 14:08 | Queue | Fire Galley |
| 14:20 | Build | Blacksmith |
| 14:36 | Queue | Villager (Male) |
| 14:39 | Queue | Galley |
| 14:49 | Build | House |
| 14:53 | Queue | Villager (Male) |
| 14:57 | Queue | Galley |
| 15:06 | Research | Fletching |
| 15:06 | Research | Fletching |
| 15:09 | Queue | Villager (Male) |
| 15:32 | Queue | Galley |
| 15:32 | Queue | Galley |
| 15:37 | Build | House |
| 15:47 | Queue | Villager (Male) |
| 16:24 | Queue | Galley |
| 16:25 | Queue | Galley |
| 16:25 | Queue | Villager (Male) |
| 16:29 | Queue | Villager (Male) |
| 16:45 | Queue | Villager (Male) |
| 17:01 | Queue | Galley |
| 17:03 | Queue | Villager (Male) |
| 17:21 | Queue | Galley |
| 17:23 | Queue | Villager (Male) |
| 17:40 | Queue | Villager (Male) |
| 17:58 | Queue | Villager (Male) |
| 18:04 | Build | Market |
| 18:21 | Queue | Galley |
| 18:28 | Build | House |
| 18:35 | Build | House |
| 18:37 | Build | House |
| 18:39 | Build | Palisade Wall |
| 18:40 | Build | House |
| 18:50 | Research | Castle Age |
| 18:50 | Research | Castle Age |
| 18:57 | Build | House |
| 18:58 | Build | House |
| 19:01 | Queue | Galley |
| 19:08 | Build | House |
| 19:23 | Build | Palisade Wall |
| 19:37 | Queue | Galley |
| 19:37 | Queue | Galley |
| 20:07 | Build | Dock |
| 20:15 | Queue | Galley |
| 20:16 | Queue | Galley |
| 20:17 | Queue | Villager (Male) |
| 20:34 | Build | Lumber Camp |
| 20:37 | Build | Lumber Camp |
| 20:53 | Research | Gold Mining |
| 20:54 | Research | Gold Mining |
| 21:05 | Queue | Galley |
| 21:05 | Queue | Galley |
| 21:21 | Queue | Galley |
| 21:22 | Queue | Villager (Male) |
| 21:30 | Age | Castle Age |
| 21:35 | Research | War Galley (upgrade) |
| 21:35 | Research | War Galley (upgrade) |
| 21:37 | Research | Bodkin Arrow |
| 21:37 | Research | Bodkin Arrow |
| 21:42 | Queue | Villager (Male) |
| 21:55 | Research | Bow Saw |
| 21:55 | Research | Bow Saw |
| 21:56 | Queue | Villager (Male) |
| 22:50 | Queue | Galley |
| 22:50 | Queue | Galley |
| 22:51 | Queue | Galley |
| 22:51 | Queue | Galley |
| 22:59 | Queue | Villager (Male) |
| 23:11 | Build | Town Center |
| 23:14 | Queue | Villager (Male) |
| 23:17 | Research | Horse Collar |
| 23:20 | Queue | Fishing Ship |
| 23:23 | Queue | Fishing Ship |
| 23:25 | Queue | Fishing Ship |
| 23:53 | Queue | Villager (Male) |
| 24:01 | Build | Town Center |
| 24:11 | Queue | Fishing Ship |
| 24:13 | Research | Tech 906 |
| 24:16 | Queue | Fishing Ship |
| 24:55 | Queue | Fishing Ship |
| 24:56 | Queue | Fishing Ship |
| 24:57 | Queue | Fishing Ship |
| 24:57 | Queue | Villager (Male) |
| 24:58 | Queue | Villager (Male) |
| 24:58 | Queue | Villager (Male) |
| 25:00 | Research | Horse Collar |
| 25:00 | Research | Horse Collar |
Build order — MatiAOE
First 150 of 487 actions detected
| 0:07 | Build | Town Center |
| 1:07 | Build | Dock |
| 1:49 | Build | House |
| 2:30 | Queue | Villager (Male) |
| 2:30 | Queue | Villager (Male) |
| 2:30 | Queue | Villager (Male) |
| 2:31 | Queue | Villager (Male) |
| 2:31 | Queue | Villager (Male) |
| 2:31 | Queue | Villager (Male) |
| 3:43 | Research | Loom |
| 3:50 | Queue | Villager (Male) |
| 3:50 | Queue | Villager (Male) |
| 4:18 | Build | House |
| 4:54 | Queue | Fishing Ship |
| 4:55 | Queue | Fishing Ship |
| 4:57 | Queue | Villager (Male) |
| 4:58 | Queue | Villager (Male) |
| 4:58 | Queue | Villager (Male) |
| 5:29 | Queue | Villager (Male) |
| 5:30 | Queue | Villager (Male) |
| 5:30 | Queue | Villager (Male) |
| 5:30 | Queue | Villager (Male) |
| 5:43 | Queue | Fishing Ship |
| 5:43 | Queue | Fishing Ship |
| 5:52 | Queue | Villager (Male) |
| 5:52 | Queue | Villager (Male) |
| 5:52 | Queue | Villager (Male) |
| 5:53 | Queue | Villager (Male) |
| 6:13 | Queue | Villager (Male) |
| 6:13 | Queue | Villager (Male) |
| 6:14 | Queue | Villager (Male) |
| 6:14 | Queue | Villager (Male) |
| 6:28 | Queue | Fishing Ship |
| 6:28 | Queue | Fishing Ship |
| 6:28 | Queue | Fishing Ship |
| 6:42 | Queue | Villager (Male) |
| 6:43 | Build | House |
| 7:08 | Build | House |
| 7:13 | Queue | Villager (Male) |
| 7:51 | Queue | Villager (Male) |
| 7:51 | Queue | Fishing Ship |
| 7:51 | Queue | Fishing Ship |
| 7:52 | Queue | Fishing Ship |
| 7:55 | Queue | Villager (Male) |
| 8:44 | Queue | Villager (Male) |
| 8:45 | Queue | Fishing Ship |
| 8:46 | Queue | Fishing Ship |
| 8:46 | Queue | Fishing Ship |
| 9:04 | Build | House |
| 9:21 | Queue | Villager (Male) |
| 9:38 | Queue | Villager (Male) |
| 9:59 | Build | Mill |
| 10:08 | Queue | Villager (Male) |
| 10:38 | Queue | Villager (Male) |
| 10:42 | Queue | Villager (Male) |
| 10:42 | Queue | Villager (Male) |
| 11:18 | Research | Feudal Age |
| 12:09 | Build | House |
| 12:30 | Queue | Villager (Male) |
| 12:31 | Queue | Villager (Male) |
| 12:52 | Build | House |
| 14:03 | Age | Feudal Age |
| 14:05 | Build | Market |
| 14:14 | Build | Blacksmith |
| 14:59 | Research | Castle Age |
| 15:07 | Build | Mule Cart |
| 15:18 | Research | Double-Bit Axe |
| 15:38 | Build | Dock |
| 15:51 | Research | Gold Mining |
| 17:06 | Queue | Villager (Male) |
| 17:06 | Queue | Villager (Male) |
| 17:09 | Research | Town Watch |
| 17:39 | Age | Castle Age |
| 17:51 | Build | Castle |
| 18:10 | Build | Town Center |
| 18:20 | Build | Monastery |
| 18:23 | Queue | Villager (Male) |
| 18:23 | Queue | Villager (Male) |
| 18:36 | Build | Palisade Wall |
| 18:44 | Queue | Villager (Male) |
| 18:50 | Research | Bow Saw |
| 18:50 | Research | Bow Saw |
| 18:50 | Research | Bow Saw |
| 18:56 | Research | Scale Barding Armor |
| 18:58 | Queue | Villager (Male) |
| 18:59 | Queue | Villager (Male) |
| 19:23 | Queue | Monaspa ×2 |
| 19:24 | Queue | Monaspa ×2 |
| 19:24 | Queue | Monaspa ×2 |
| 19:37 | Queue | Villager (Male) |
| 19:44 | Queue | Villager (Male) |
| 19:44 | Queue | Villager (Male) |
| 19:45 | Queue | Villager (Male) |
| 19:50 | Queue | Monaspa |
| 19:51 | Queue | Monaspa |
| 19:51 | Queue | Monaspa |
| 19:59 | Build | Monastery |
| 20:15 | Queue | Monaspa |
| 20:15 | Queue | Monaspa |
| 20:17 | Queue | Villager (Male) |
| 20:17 | Queue | Villager (Male) |
| 20:17 | Queue | Villager (Male) |
| 20:49 | Queue | Monaspa |
| 20:49 | Queue | Monaspa |
| 20:54 | Queue | Villager (Male) |
| 20:54 | Queue | Villager (Male) |
| 21:05 | Build | Town Center |
| 21:29 | Queue | Villager (Male) |
| 21:29 | Queue | Villager (Male) |
| 21:29 | Queue | Villager (Male) |
| 21:30 | Queue | Villager (Male) |
| 21:32 | Build | Farm |
| 21:33 | Build | Farm |
| 21:34 | Build | Farm |
| 21:42 | Queue | Villager (Male) |
| 21:42 | Queue | Villager (Male) |
| 21:45 | Build | Farm |
| 21:49 | Build | Farm |
| 22:02 | Build | Farm |
| 22:12 | Research | Horse Collar |
| 22:12 | Research | Horse Collar |
| 22:12 | Research | Horse Collar |
| 22:17 | Queue | Villager (Male) |
| 22:17 | Queue | Villager (Male) |
| 22:17 | Queue | Villager (Male) |
| 22:17 | Queue | Villager (Male) |
| 22:17 | Queue | Villager (Male) |
| 22:18 | Queue | Villager (Male) |
| 22:31 | Queue | Villager (Male) |
| 22:31 | Queue | Villager (Male) |
| 22:31 | Queue | Villager (Male) |
| 22:32 | Queue | Villager (Male) |
| 22:41 | Queue | Villager (Male) |
| 22:42 | Queue | Villager (Male) |
| 22:42 | Queue | Villager (Male) |
| 22:44 | Build | Farm |
| 22:55 | Queue | Villager (Male) |
| 22:55 | Queue | Villager (Male) |
| 22:56 | Queue | Villager (Male) |
| 22:56 | Queue | Villager (Male) |
| 23:12 | Queue | Villager (Male) |
| 23:12 | Queue | Villager (Male) |
| 23:13 | Queue | Villager (Male) |
| 23:13 | Queue | Villager (Male) |
| 23:13 | Queue | Villager (Male) |
| 23:29 | Build | Farm |
| 23:33 | Queue | Villager (Male) |
| 23:33 | Queue | Villager (Male) |
| 23:33 | Queue | Villager (Male) |
| 23:33 | Queue | Villager (Male) |
Build order — knight errant
First 150 of 505 actions detected
| 0:08 | Build | Town Center |
| 1:14 | Build | Dock |
| 2:11 | Build | House |
| 2:40 | Queue | Villager (Male) |
| 2:41 | Queue | Villager (Male) |
| 2:41 | Queue | Villager (Male) |
| 3:00 | Queue | Villager (Male) |
| 3:59 | Queue | Fishing Ship |
| 4:23 | Research | Loom |
| 4:26 | Build | House |
| 4:42 | Build | House |
| 4:47 | Queue | Villager (Male) |
| 5:18 | Queue | Fishing Ship |
| 5:32 | Queue | Villager (Male) |
| 5:53 | Queue | Villager (Male) |
| 6:03 | Queue | Fishing Ship |
| 6:18 | Queue | Villager (Male) |
| 6:30 | Build | House |
| 6:47 | Queue | Villager (Male) |
| 7:10 | Build | House |
| 7:22 | Queue | Villager (Male) |
| 7:22 | Queue | Villager (Male) |
| 7:25 | Queue | Villager (Male) |
| 7:27 | Queue | Fishing Ship |
| 7:50 | Queue | Villager (Male) |
| 7:56 | Build | House |
| 8:02 | Queue | Villager (Male) |
| 8:04 | Queue | Villager (Male) |
| 8:15 | Queue | Fishing Ship |
| 8:33 | Queue | Villager (Male) |
| 8:55 | Queue | Villager (Male) |
| 8:56 | Queue | Fishing Ship |
| 8:58 | Build | House |
| 9:50 | Build | Mill |
| 10:22 | Queue | Villager (Male) |
| 10:23 | Queue | Villager (Male) |
| 10:54 | Queue | Villager (Male) |
| 11:31 | Queue | Villager (Male) |
| 11:47 | Build | Mining Camp |
| 11:55 | Queue | Villager (Male) |
| 12:23 | Research | Feudal Age |
| 12:30 | Build | House |
| 12:39 | Build | Lumber Camp |
| 12:55 | Queue | Villager (Male) |
| 12:57 | Queue | Villager (Male) |
| 14:22 | Research | Double-Bit Axe |
| 14:37 | Age | Feudal Age |
| 14:41 | Build | Market |
| 14:42 | Build | Blacksmith |
| 15:13 | Research | Bow Saw |
| 15:29 | Research | Castle Age |
| 15:35 | Research | Horse Collar |
| 16:49 | Build | Farm |
| 16:54 | Build | Farm |
| 16:56 | Build | Farm |
| 17:03 | Build | House |
| 17:04 | Queue | Villager (Male) |
| 17:25 | Build | Farm |
| 17:31 | Build | House |
| 18:09 | Age | Castle Age |
| 18:14 | Build | Monastery |
| 18:17 | Queue | Villager (Male) |
| 18:27 | Build | Town Center |
| 18:32 | Build | Town Center |
| 18:40 | Queue | Villager (Male) |
| 18:43 | Build | House |
| 19:02 | Build | House |
| 19:04 | Build | Palisade Wall |
| 19:08 | Queue | Villager (Male) |
| 19:14 | Build | Farm |
| 19:17 | Build | Farm |
| 19:19 | Build | Farm |
| 19:22 | Queue | Monk |
| 19:22 | Queue | Monk |
| 19:26 | Build | House |
| 19:38 | Queue | Villager (Male) |
| 19:51 | Build | House |
| 19:54 | Queue | Villager (Male) |
| 19:55 | Queue | Villager (Male) |
| 20:01 | Build | Farm |
| 20:02 | Queue | Villager (Male) |
| 20:06 | Build | Farm |
| 20:13 | Research | Wheelbarrow |
| 20:19 | Queue | Villager (Male) |
| 20:19 | Queue | Villager (Male) |
| 20:23 | Build | Farm |
| 20:29 | Queue | Villager (Male) |
| 20:34 | Queue | Villager (Male) |
| 20:34 | Queue | Villager (Male) |
| 20:39 | Research | Wheelbarrow |
| 20:45 | Queue | Villager (Male) |
| 20:56 | Build | House |
| 20:57 | Queue | Villager (Male) |
| 21:04 | Research | Heavy Plow |
| 21:09 | Build | Farm |
| 21:10 | Build | Farm |
| 21:10 | Build | Farm |
| 21:31 | Queue | Villager (Male) |
| 21:31 | Queue | Villager (Male) |
| 21:32 | Queue | Villager (Male) |
| 21:43 | Build | Farm |
| 21:46 | Queue | Villager (Male) |
| 21:49 | Build | Farm |
| 21:49 | Build | Farm |
| 21:50 | Build | Farm |
| 21:50 | Build | Farm |
| 21:54 | Build | Farm |
| 21:55 | Build | Farm |
| 22:04 | Queue | Villager (Male) |
| 22:04 | Queue | Villager (Male) |
| 22:11 | Build | Farm |
| 22:20 | Build | House |
| 22:33 | Build | Barracks |
| 22:35 | Queue | Villager (Male) |
| 22:36 | Queue | Villager (Male) |
| 22:47 | Build | House |
| 22:48 | Queue | Villager (Male) |
| 22:55 | Queue | Villager (Male) |
| 22:57 | Build | Farm |
| 23:02 | Build | House |
| 23:03 | Build | House |
| 23:05 | Build | House |
| 23:07 | Build | Palisade Wall |
| 23:09 | Queue | Villager (Male) |
| 23:28 | Build | Stable |
| 23:36 | Queue | Monk |
| 23:41 | Queue | Villager (Male) |
| 23:41 | Queue | Villager (Male) |
| 23:48 | Queue | Villager (Male) |
| 23:49 | Queue | Villager (Male) |
| 24:04 | Build | Stable |
| 24:06 | Research | Cavalier (upgrade) |
| 24:08 | Research | Scale Barding Armor |
| 24:09 | Research | Forging |
| 24:10 | Queue | Villager (Male) |
| 24:10 | Queue | Villager (Male) |
| 24:10 | Queue | Villager (Male) |
| 24:16 | Queue | Villager (Male) |
| 24:36 | Build | Stable |
| 24:44 | Queue | Knight |
| 24:44 | Queue | Knight |
| 24:48 | Queue | Villager (Male) |
| 24:48 | Queue | Villager (Male) |
| 25:05 | Queue | Knight |
| 25:05 | Queue | Knight |
| 25:08 | Build | Stable |
| 25:30 | Build | Siege Workshop |
| 25:40 | Queue | Knight |
| 25:41 | Queue | Knight |
| 25:41 | Queue | Knight |
Build order — ttianran
First 150 of 404 actions detected
| 0:38 | Build | Dock |
| 1:20 | Build | Town Center |
| 2:00 | Build | House |
| 3:15 | Queue | Villager (Male) |
| 3:15 | Queue | Villager (Male) |
| 3:15 | Queue | Villager (Male) |
| 3:15 | Queue | Villager (Male) |
| 3:16 | Queue | Villager (Male) |
| 3:48 | Queue | Villager (Male) |
| 3:48 | Queue | Villager (Male) |
| 3:48 | Queue | Villager (Male) |
| 4:29 | Queue | Fishing Ship |
| 4:30 | Queue | Fishing Ship |
| 5:10 | Research | Loom |
| 5:16 | Queue | Fishing Ship |
| 5:28 | Build | House |
| 5:46 | Queue | Villager (Male) |
| 6:01 | Build | House |
| 6:33 | Queue | Villager (Male) |
| 6:33 | Queue | Villager (Male) |
| 6:34 | Queue | Villager (Male) |
| 6:50 | Queue | Villager (Male) |
| 6:50 | Queue | Villager (Male) |
| 6:50 | Queue | Villager (Male) |
| 6:50 | Queue | Villager (Male) |
| 6:51 | Queue | Villager (Male) |
| 7:05 | Queue | Villager (Male) |
| 7:06 | Queue | Villager (Male) |
| 7:44 | Build | House |
| 7:49 | Build | House |
| 7:55 | Queue | Villager (Male) |
| 7:56 | Queue | Villager (Male) |
| 8:16 | Build | House |
| 8:19 | Queue | Villager (Male) |
| 8:20 | Queue | Villager (Male) |
| 8:40 | Queue | Fishing Ship |
| 8:48 | Build | House |
| 9:33 | Build | Mill |
| 9:41 | Queue | Villager (Male) |
| 9:41 | Queue | Villager (Male) |
| 10:23 | Queue | Villager (Male) |
| 10:25 | Queue | Fishing Ship |
| 10:59 | Queue | Villager (Male) |
| 11:16 | Build | Dock |
| 11:28 | Queue | Villager (Male) |
| 12:04 | Queue | Villager (Male) |
| 12:04 | Queue | Villager (Male) |
| 12:11 | Build | House |
| 12:17 | Queue | Fishing Ship |
| 12:23 | Queue | Fishing Ship |
| 12:25 | Build | House |
| 12:26 | Build | House |
| 12:56 | Research | Feudal Age |
| 13:20 | Queue | Fishing Ship |
| 13:20 | Queue | Fishing Ship |
| 13:36 | Build | Lumber Camp |
| 15:03 | Queue | Villager (Male) |
| 15:03 | Queue | Villager (Male) |
| 15:03 | Queue | Villager (Male) |
| 15:06 | Age | Feudal Age |
| 15:12 | Build | Donjon |
| 15:26 | Research | Double-Bit Axe |
| 15:38 | Build | Mining Camp |
| 15:49 | Queue | Serjeant |
| 15:49 | Queue | Serjeant |
| 15:50 | Queue | Serjeant |
| 16:34 | Build | Mining Camp |
| 16:39 | Build | Farm |
| 16:41 | Build | Farm |
| 16:41 | Build | Farm |
| 17:21 | Build | Donjon |
| 17:37 | Queue | Villager (Male) |
| 17:37 | Queue | Villager (Male) |
| 17:41 | Build | Farm |
| 17:45 | Build | Farm |
| 17:54 | Build | Market |
| 18:03 | Build | Donjon |
| 18:23 | Build | Farm |
| 18:24 | Queue | Villager (Male) |
| 18:24 | Queue | Villager (Male) |
| 18:24 | Queue | Villager (Male) |
| 18:24 | Queue | Villager (Male) |
| 19:30 | Queue | Serjeant |
| 19:30 | Queue | Serjeant |
| 19:31 | Queue | Serjeant |
| 19:31 | Queue | Serjeant |
| 19:41 | Build | Donjon |
| 19:59 | Build | Blacksmith |
| 20:02 | Queue | Villager (Male) |
| 20:03 | Queue | Villager (Male) |
| 20:04 | Build | House |
| 20:05 | Build | House |
| 20:06 | Build | House |
| 20:06 | Build | House |
| 21:33 | Queue | Serjeant |
| 21:33 | Queue | Serjeant |
| 21:33 | Queue | Serjeant |
| 21:34 | Queue | Serjeant |
| 21:37 | Queue | Villager (Male) |
| 21:37 | Queue | Villager (Male) |
| 21:38 | Queue | Villager (Male) |
| 21:44 | Build | Barracks |
| 21:47 | Build | House |
| 21:48 | Build | House |
| 21:54 | Queue | Villager (Male) |
| 21:54 | Queue | Villager (Male) |
| 23:00 | Build | Donjon |
| 23:15 | Build | Farm |
| 23:57 | Queue | Villager (Male) |
| 23:57 | Queue | Villager (Male) |
| 24:14 | Build | Donjon |
| 25:15 | Research | Castle Age |
| 26:21 | Research | Stone Mining |
| 26:43 | Research | Fletching |
| 26:50 | Build | Farm |
| 27:03 | Queue | Spearman |
| 27:04 | Queue | Spearman |
| 27:04 | Queue | Spearman |
| 27:04 | Queue | Spearman |
| 27:04 | Queue | Spearman |
| 27:55 | Age | Castle Age |
| 28:02 | Build | Castle |
| 28:29 | Queue | Villager (Male) |
| 28:29 | Queue | Villager (Male) |
| 28:30 | Queue | Villager (Male) |
| 28:30 | Queue | Villager (Male) |
| 28:49 | Build | Castle |
| 29:16 | Queue | Villager (Male) |
| 29:16 | Queue | Villager (Male) |
| 29:26 | Research | Bow Saw |
| 29:47 | Build | Town Center |
| 30:22 | Queue | Villager (Male) |
| 30:22 | Queue | Villager (Male) |
| 30:30 | Build | Town Center |
| 31:15 | Build | Siege Workshop |
| 31:16 | Queue | Villager (Male) |
| 31:16 | Queue | Villager (Male) |
| 31:17 | Queue | Villager (Male) |
| 31:17 | Queue | Villager (Male) |
| 31:17 | Queue | Villager (Male) |
| 31:39 | Queue | Villager (Male) |
| 31:40 | Queue | Villager (Male) |
| 32:21 | Queue | Villager (Male) |
| 32:22 | Queue | Villager (Male) |
| 32:22 | Queue | Villager (Male) |
| 32:40 | Build | Town Center |
| 32:53 | Queue | Villager (Male) |
| 32:53 | Queue | Villager (Male) |
| 32:53 | Queue | Villager (Male) |
| 33:19 | Queue | Villager (Male) |
Build order — Enroque
First 150 of 404 actions detected
| 0:43 | Build | Town Center |
| 1:28 | Build | Dock |
| 1:29 | Build | House |
| 2:53 | Queue | Villager (Male) |
| 2:53 | Queue | Villager (Male) |
| 2:53 | Queue | Villager (Male) |
| 2:54 | Queue | Villager (Male) |
| 2:54 | Queue | Villager (Male) |
| 4:21 | Queue | Villager (Male) |
| 4:21 | Queue | Villager (Male) |
| 4:35 | Queue | Fishing Ship |
| 4:44 | Research | Loom |
| 5:06 | Queue | Villager (Male) |
| 5:06 | Queue | Villager (Male) |
| 5:13 | Build | House |
| 5:25 | Queue | Fishing Ship |
| 5:52 | Queue | Villager (Male) |
| 5:52 | Queue | Villager (Male) |
| 6:08 | Queue | Villager (Male) |
| 6:09 | Queue | Villager (Male) |
| 6:24 | Queue | Villager (Male) |
| 6:25 | Queue | Villager (Male) |
| 6:33 | Build | House |
| 6:46 | Queue | Fishing Ship |
| 6:46 | Queue | Fishing Ship |
| 7:01 | Queue | Villager (Male) |
| 7:01 | Queue | Villager (Male) |
| 7:10 | Queue | Villager (Male) |
| 7:24 | Queue | Villager (Male) |
| 7:24 | Queue | Villager (Male) |
| 7:39 | Queue | Villager (Male) |
| 7:39 | Queue | Villager (Male) |
| 7:41 | Queue | Fishing Ship |
| 7:41 | Queue | Fishing Ship |
| 8:02 | Queue | Villager (Male) |
| 8:08 | Build | House |
| 9:03 | Queue | Villager (Male) |
| 9:20 | Build | Lumber Camp |
| 9:31 | Queue | Villager (Male) |
| 9:52 | Build | House |
| 10:07 | Research | Feudal Age |
| 10:07 | Research | Feudal Age |
| 10:24 | Queue | Villager (Male) |
| 10:24 | Queue | Villager (Male) |
| 10:50 | Build | Mining Camp |
| 11:00 | Queue | Villager (Male) |
| 11:00 | Queue | Villager (Male) |
| 11:00 | Queue | Villager (Male) |
| 11:29 | Build | Dock |
| 12:17 | Age | Feudal Age |
| 12:19 | Queue | Unit 2626 |
| 12:20 | Queue | Unit 2626 |
| 12:25 | Research | Double-Bit Axe |
| 12:34 | Build | House |
| 12:51 | Queue | Unit 2626 |
| 12:51 | Queue | Unit 2626 |
| 12:55 | Queue | Villager (Male) |
| 13:15 | Queue | Galley |
| 13:40 | Queue | Galley |
| 13:59 | Queue | Galley |
| 14:14 | Queue | Galley |
| 14:26 | Build | Blacksmith |
| 14:27 | Build | House |
| 14:39 | Queue | Unit 2626 |
| 14:41 | Queue | Villager (Male) |
| 14:41 | Queue | Villager (Male) |
| 14:41 | Queue | Villager (Male) |
| 14:57 | Build | House |
| 15:03 | Queue | Villager (Male) |
| 15:13 | Build | Mill |
| 15:16 | Research | Town Watch |
| 15:20 | Queue | Villager (Male) |
| 15:20 | Queue | Villager (Male) |
| 15:21 | Queue | Villager (Male) |
| 15:38 | Queue | Galley |
| 15:39 | Queue | Galley |
| 15:50 | Build | Palisade Wall |
| 15:54 | Queue | Villager (Male) |
| 16:25 | Queue | Galley |
| 16:25 | Queue | Galley |
| 16:34 | Queue | Villager (Male) |
| 16:42 | Build | House |
| 16:51 | Queue | Villager (Male) |
| 17:09 | Queue | Galley |
| 17:21 | Build | Dock |
| 17:25 | Build | House |
| 17:45 | Research | Fletching |
| 17:58 | Build | House |
| 18:03 | Build | Palisade Wall |
| 18:05 | Queue | Villager (Male) |
| 18:15 | Build | House |
| 18:30 | Queue | Villager (Male) |
| 18:30 | Queue | Villager (Male) |
| 18:51 | Queue | Galley |
| 18:51 | Queue | Galley |
| 18:58 | Build | Mill |
| 19:00 | Queue | Villager (Male) |
| 19:23 | Queue | Galley |
| 19:46 | Build | Market |
| 19:49 | Queue | Villager (Male) |
| 20:12 | Queue | Villager (Male) |
| 20:53 | Build | House |
| 21:04 | Research | Castle Age |
| 21:11 | Queue | Demolition Raft |
| 21:11 | Queue | Demolition Raft |
| 21:12 | Queue | Demolition Raft |
| 21:23 | Queue | Fishing Ship |
| 21:23 | Queue | Fishing Ship |
| 21:23 | Queue | Fishing Ship |
| 21:23 | Queue | Fishing Ship |
| 22:13 | Build | Barracks |
| 22:21 | Research | Gold Mining |
| 22:28 | Build | Mining Camp |
| 23:01 | Queue | Galley |
| 23:01 | Queue | Galley |
| 23:02 | Queue | Galley |
| 23:02 | Queue | Galley |
| 23:02 | Queue | Galley |
| 23:03 | Queue | Galley |
| 23:09 | Queue | Villager (Male) |
| 23:09 | Queue | Villager (Male) |
| 23:24 | Build | House |
| 23:44 | Age | Castle Age |
| 23:52 | Research | War Galley (upgrade) |
| 24:05 | Research | Bodkin Arrow |
| 24:24 | Queue | Villager (Male) |
| 24:41 | Build | Palisade Gate |
| 24:49 | Queue | Villager (Male) |
| 24:54 | Build | Town Center |
| 24:58 | Queue | Villager (Male) |
| 24:58 | Queue | Villager (Male) |
| 24:58 | Queue | Villager (Male) |
| 25:02 | Research | Bow Saw |
| 25:19 | Queue | Galley ×3 |
| 25:19 | Queue | Galley ×3 |
| 25:38 | Build | Town Center |
| 25:46 | Queue | Villager (Male) |
| 26:04 | Queue | Villager (Male) |
| 26:04 | Queue | Villager (Male) |
| 26:07 | Research | Wheelbarrow |
| 26:18 | Queue | Galley |
| 26:19 | Queue | Galley |
| 26:33 | Queue | Villager (Male) |
| 26:43 | Research | Horse Collar |
| 26:44 | Queue | Villager (Male) |
| 26:48 | Build | House |
| 26:49 | Build | House |
| 26:50 | Build | House |
| 26:51 | Build | House |
| 27:10 | Build | House |
Match timeline
| 0:38 | ttianran · first_building Dock |
| 1:07 | MatiAOE · first_building Dock |
| 1:14 | knight errant · first_building Dock |
| 1:24 | TGT | Leo Mattioli · first_building Dock |
| 1:28 | Enroque · first_building Dock |
| 1:40 | ttss · first_building Dock |
| 1:54 | FedeAOE · first_building Dock |
| 2:43 | ttss · wall_segment Palisade Wall x1 |
| 3:44 | DINOFFAURO · first_building Dock |
| 12:17 | Enroque · age_up feudal |
| 12:25 | TGT | Leo Mattioli · age_up feudal |
| 12:33 | DINOFFAURO · first_building Barracks |
| 13:32 | ttss · age_up feudal |
| 13:53 | DINOFFAURO · age_up feudal |
| 13:55 | DINOFFAURO · first_building Stable |
| 14:03 | MatiAOE · age_up feudal |
| 14:37 | knight errant · age_up feudal |
| 14:57 | FedeAOE · age_up feudal |
| 15:06 | ttianran · age_up feudal |
| 15:12 | ttianran · first_building Donjon |
| 15:48 | TGT | Leo Mattioli · wall_segment Palisade Wall x2 |
| 15:50 | Enroque · wall_segment Palisade Wall x11 |
| 15:58 | DINOFFAURO · wall_segment Palisade Wall x7 |
| 16:20 | FedeAOE · wall_segment Palisade Wall x1 |
| 16:28 | FedeAOE · first_market_sell 100 food |
| 16:48 | FedeAOE · wall_segment Stone Wall x13 |
| 17:26 | MatiAOE · first_market_buy 100 stone |
| 17:36 | TGT | Leo Mattioli · wall_segment Palisade Wall x5 |
| 17:39 | MatiAOE · age_up castle |
| 17:51 | MatiAOE · first_building Castle |
| 18:01 | MatiAOE · first_market_sell 100 food |
| 18:03 | Enroque · wall_segment Palisade Wall x8 |
| 18:06 | FedeAOE · wall_segment Stone Wall x7 |
| 18:09 | knight errant · age_up castle |
| 18:14 | knight errant · first_building Monastery |
| 18:20 | MatiAOE · first_building Monastery |
| 18:36 | MatiAOE · wall_segment Palisade Wall x1 |
| 18:39 | ttss · wall_segment Palisade Wall x1 |
| 18:55 | FedeAOE · wall_segment Stone Wall x3 |
| 19:04 | knight errant · wall_segment Palisade Wall x2 |
| 19:09 | FedeAOE · age_up castle |
| 19:23 | ttss · wall_segment Palisade Wall x1 |
| 19:47 | FedeAOE · wall_segment Stone Wall x2 |
| 20:07 | TGT | Leo Mattioli · first_market_sell 100 stone |
| 20:11 | FedeAOE · wall_segment Palisade Wall x1 |
| 20:12 | FedeAOE · wall_segment Palisade Wall x1 |
| 20:13 | FedeAOE · wall_segment Palisade Wall x1 |
| 20:20 | FedeAOE · wall_segment Palisade Wall x1 |
| 20:25 | FedeAOE · wall_segment Palisade Wall x1 |
| 20:36 | FedeAOE · wall_segment Palisade Wall x1 |
| 20:38 | FedeAOE · wall_segment Palisade Wall x1 |
| 20:53 | TGT | Leo Mattioli · first_building Barracks |
| 21:03 | Enroque · first_market_buy 100 food |
| 21:30 | ttss · age_up castle |
| 21:44 | ttianran · first_building Barracks |
| 21:56 | DINOFFAURO · first_market_sell 500 wood |
| 21:57 | DINOFFAURO · first_market_buy 500 food |
| 22:13 | Enroque · first_building Barracks |
| 22:27 | FedeAOE · wall_segment Palisade Wall x1 |
| 22:33 | knight errant · first_building Barracks |
| 22:58 | TGT | Leo Mattioli · age_up castle |
| 23:07 | knight errant · wall_segment Palisade Wall x1 |
| 23:27 | FedeAOE · first_market_buy 100 stone |
| 23:28 | knight errant · first_building Stable |
| 23:44 | Enroque · age_up castle |
| 23:54 | ttianran · first_market_buy 100 food |
| 24:34 | FedeAOE · first_building Castle |
| 25:08 | DINOFFAURO · age_up castle |
| 25:10 | DINOFFAURO · first_building Siege Workshop |
| 25:29 | Enroque · first_market_sell 100 food |
| 25:30 | knight errant · first_building Siege Workshop |
| 26:10 | TGT | Leo Mattioli · wall_segment Palisade Wall x1 |
| 26:24 | FedeAOE · first_building Siege Workshop |
| 26:42 | ttianran · first_market_sell 100 wood |
| 26:53 | knight errant · first_market_sell 100 wood |
| 27:27 | FedeAOE · wall_segment Palisade Wall x1 |
| 27:55 | ttianran · age_up castle |
| 28:02 | ttianran · first_building Castle |
| 28:18 | FedeAOE · wall_segment Palisade Wall x3 |
| 28:27 | ttss · first_building Castle |
| 28:39 | FedeAOE · wall_segment Palisade Wall x1 |
| 29:14 | FedeAOE · wall_segment Palisade Wall x1 |
| 29:35 | ttss · first_market_buy 100 wood |
| 30:22 | MatiAOE · first_building Barracks |
| 30:27 | TGT | Leo Mattioli · first_building Castle |
| 31:14 | MatiAOE · tribute_sent a jugador 1 |
| 31:14 | MatiAOE · tribute_sent a jugador 2 |
| 31:14 | MatiAOE · tribute_sent a jugador 3 |
| 31:14 | MatiAOE · tribute_sent a jugador 5 |
| 31:14 | MatiAOE · tribute_sent a jugador 6 |
| 31:14 | MatiAOE · tribute_sent a jugador 7 |
| 31:15 | MatiAOE · tribute_sent a jugador 8 |
| 31:15 | ttianran · first_building Siege Workshop |
| 31:27 | MatiAOE · tribute_sent a jugador 1 |
| 31:27 | MatiAOE · tribute_sent a jugador 2 |
| 31:27 | MatiAOE · tribute_sent a jugador 3 |
| 31:27 | MatiAOE · tribute_sent a jugador 5 |
| 31:27 | MatiAOE · tribute_sent a jugador 6 |
| 31:27 | MatiAOE · tribute_sent a jugador 7 |
| 31:27 | MatiAOE · tribute_sent a jugador 8 |
| 31:30 | TGT | Leo Mattioli · wall_segment Palisade Wall x1 |
| 31:39 | TGT | Leo Mattioli · wall_segment Palisade Wall x1 |
| 31:39 | TGT | Leo Mattioli · wall_segment Palisade Wall x1 |
| 31:53 | knight errant · first_market_buy 100 food |
| 32:00 | ttss · wall_segment Palisade Wall x1 |
| 32:02 | ttss · wall_segment Palisade Wall x1 |
| 32:13 | ttss · wall_segment Stone Wall x1 |
| 32:24 | ttss · first_building Monastery |
| 32:40 | DINOFFAURO · first_building Archery Range |
| 32:50 | FedeAOE · wall_segment Palisade Wall x1 |
| 32:51 | FedeAOE · wall_segment Palisade Wall x1 |
| 32:55 | FedeAOE · wall_segment Palisade Wall x1 |
| 32:56 | FedeAOE · wall_segment Palisade Wall x1 |
| 32:59 | FedeAOE · wall_segment Palisade Wall x1 |
| 33:00 | FedeAOE · wall_segment Palisade Wall x1 |
| 33:02 | FedeAOE · wall_segment Palisade Wall x1 |
| 33:04 | FedeAOE · wall_segment Palisade Wall x1 |
| 33:05 | FedeAOE · wall_segment Palisade Wall x1 |
| 33:08 | TGT | Leo Mattioli · first_market_buy 100 food |
| 34:07 | MatiAOE · first_building Stable |
| 34:18 | ttss · age_up imperial |
| 34:24 | TGT | Leo Mattioli · wall_segment Palisade Wall x1 |
| 35:03 | DINOFFAURO · first_building Castle |
| 35:06 | ttss · first_market_sell 100 food |
| 35:21 | knight errant · first_building Castle |
| 35:39 | Enroque · first_building Castle |
| 35:46 | DINOFFAURO · age_up imperial |
| 35:53 | Enroque · first_building Monastery |
| 36:42 | MatiAOE · first_building Archery Range |
| 37:05 | MatiAOE · age_up imperial |
| 38:27 | knight errant · wall_segment Stone Wall x1 |
| 38:43 | TGT | Leo Mattioli · wall_segment Stone Wall x2 |
| 39:27 | Enroque · first_building Archery Range |
| 39:32 | TGT | Leo Mattioli · wall_segment Stone Wall x3 |
| 41:03 | knight errant · age_up imperial |
| 41:42 | TGT | Leo Mattioli · age_up imperial |
| 41:44 | Enroque · age_up imperial |
| 42:11 | MatiAOE · tribute_sent a jugador 1 |
| 42:11 | MatiAOE · tribute_sent a jugador 2 |
| 42:11 | MatiAOE · tribute_sent a jugador 3 |
| 42:11 | MatiAOE · tribute_sent a jugador 5 |
| 42:11 | MatiAOE · tribute_sent a jugador 6 |
| 42:11 | MatiAOE · tribute_sent a jugador 7 |
| 42:11 | MatiAOE · tribute_sent a jugador 8 |
| 42:49 | ttss · tribute_sent a jugador 1 |
| 42:49 | ttss · tribute_sent a jugador 2 |
| 42:49 | ttss · tribute_sent a jugador 4 |
| 42:49 | ttss · tribute_sent a jugador 5 |
| 42:49 | ttss · tribute_sent a jugador 6 |
| 42:49 | ttss · tribute_sent a jugador 7 |
| 42:49 | ttss · tribute_sent a jugador 8 |
| 46:32 | ttianran · age_up imperial |
| 47:24 | MatiAOE · tribute_sent a jugador 1 |
| 47:24 | MatiAOE · tribute_sent a jugador 2 |
| 47:24 | MatiAOE · tribute_sent a jugador 3 |
| 47:24 | MatiAOE · tribute_sent a jugador 5 |
| 47:24 | MatiAOE · tribute_sent a jugador 6 |
| 47:24 | MatiAOE · tribute_sent a jugador 7 |
| 47:24 | MatiAOE · tribute_sent a jugador 8 |
| 47:28 | FedeAOE · first_building Monastery |
| 48:26 | ttss · tribute_sent a jugador 1 |
| 48:26 | ttss · tribute_sent a jugador 2 |
| 48:26 | ttss · tribute_sent a jugador 4 |
| 48:26 | ttss · tribute_sent a jugador 5 |
| 48:26 | ttss · tribute_sent a jugador 6 |
| 48:26 | ttss · tribute_sent a jugador 7 |
| 48:26 | ttss · tribute_sent a jugador 8 |
| 48:49 | ttss · tribute_sent a jugador 1 |
| 48:49 | ttss · tribute_sent a jugador 2 |
| 48:49 | ttss · tribute_sent a jugador 4 |
| 48:49 | ttss · tribute_sent a jugador 5 |
| 48:49 | ttss · tribute_sent a jugador 6 |
| 48:49 | ttss · tribute_sent a jugador 7 |
| 48:49 | ttss · tribute_sent a jugador 8 |
| 50:44 | MatiAOE · resign |
[ AI ANALYSIS · 1 CREDIT ]
What really happened in this match?
Wolo.gg analyzes every decision: build order, eco, micro, common mistakes by bracket. Personalized analysis on WhatsApp or Discord in 30 seconds.
Civ guide
Maya
Perfil
Jugador #5642261